 Dungeon Crawl Stone Soup version 0.31-a0-986-g5e6e4ef867 (webtiles) character file.

Game seed: 1184800965190040880

2722 GloriousHammer the Carver (level 9, -2/57 HPs)
             Began as a Mummy Necromancer on Nov 2, 2023.
             Was a Follower of Kikubaaqudgha.
             Slain by a wight
             ... wielding a +1 short sword
              (4 damage)
             ... on level 8 of the Dungeon on Nov 5, 2023.
             The game lasted 00:38:09 (8344 turns).

GloriousHammer the Carver (Mummy Necromancer)       Turns: 8344, Time: 00:38:10

Health: -2/57      AC:  5    Str: 12    XL:     9   Next: 39%
Magic:  16/16      EV: 12    Int: 14    God:    Kikubaaqudgha [*.....]
Gold:   195        SH:  0    Dex: 16    Spells: 8/18 levels left

rFire   x . .        u - +0 double sword (venom)
rCold   + . .        (no shield)
rNeg    + + +        x - +2 robe {Will+}
rPois   ∞            (no helmet)
rElec   .            (no cloak)
rCorr   .            (no gloves)
SInv    .            s - +0 pair of boots
Will    ++...        g - amulet of regeneration
Stlth   ++           (no ring)
HPRegen 1.09/turn    (no ring)
MPRegen 0.15/turn

%: faith
@: animating dead, studying Throwing
A: cold resistance 1, negative energy resistance 3, torment resistance 2, heat
vulnerability 1, in touch with death 1, no potions, faith
a: Renounce Religion, Unearth Wretches


You were on level 8 of the Dungeon.
You worshipped Kikubaaqudgha.
Kikubaaqudgha was aware of your devotion.
You visited 2 branches of the dungeon, and saw 9 of its levels.

You collected 486 gold pieces.
You spent 291 gold pieces at shops.

Inventory:

Hand Weapons
 a - a +2 whip of pain
 i - a +0 shortbow
 r - a +0 sling
 u - a +0 double sword of venom (weapon)
Missiles
 j - 17 poisoned darts
 o - 2 throwing nets
 v - 2 curare-tipped darts
 w - 2 boomerangs
Armour
 c - the +0 robe "Imuitana" {rC++ Int-5 Stlth+ Archmagi}
   (You took it off a gnoll on level 7 of the Dungeon)

   Int-5:     It affects your intelligence (-5).
   rC++:      It greatly protects you from cold.
   Stlth+:    It makes you more stealthy.
   Archmagi:  It increases the power of your magical spells.
 d - a +0 robe
 s - a +0 pair of boots (worn)
 x - a +2 robe of willpower (worn)
Magical Staves
 b - a staff of death
 h - a staff of conjuration
Jewellery
 g - an amulet of regeneration (around neck)
 C - a ring of ice
Wands
 e - a wand of light (9)
 m - a wand of mindburst (24)
 t - a wand of charming (3)
Scrolls
 f - 4 scrolls of revelation
 k - a scroll of poison
 l - a scroll of noise
 n - a scroll of fear (quivered)
 p - a scroll of teleportation
 q - 2 scrolls of enchant armour
 I - 3 scrolls of identify


   Skills:
 * Level 11.1 Long Blades
 + Level 2.3 Throwing
 - Level 1.5 Dodging
 - Level 1.5 Stealth
 - Level 5.0 Spellcasting
 - Level 8.0 Necromancy
 + Level 1.6 Air Magic
 + Level 1.5 Poison Magic


You had 8 spell levels left.
You knew the following spells:

 Your Spells              Type           Power      Damage    Failure   Level
a - Necrotise             Necr           100%       1d9       1%          1
b - Vampiric Draining     Necr           38%        2d8       1%          3
c - Animate Dead          Necr           38%        N/A       6%          4
d - Cigotuvi's Dreadful   Necr/Pois/Air  40%        N/A       6%          2

Your spell library contained the following spells:

 Spells                   Type           Power      Damage    Failure   Level
 Magic Dart               Conj           12%        1d3       17%         1
 Agony                    Necr           38%        N/A       19%         5
 Call Imp                 Summ           6%         N/A       26%         2
 Mephitic Cloud           Conj/Pois/Air  6%         N/A       34%         3
 Petrify                  Tmut/Erth      3%         N/A       86%         4
 Irradiate                Conj/Tmut      1%         3d12      99%         5
 Sublimation of Blood     Necr           Unusable   N/A       N/A         2

Dungeon Overview and Level Annotations

Branches:
Dungeon (8/15)             Temple (1/1) D:6
   Lair: D:8-11

Altars:
Ashenzari
Cheibriados
Dithmenos
Fedhas
Gozag
Hepliaklqana
Kikubaaqudgha
Makhleb
Nemelex Xobeh
Okawaru
Qazlal
Ru
Sif Muna
Trog
Uskayaw
Vehumet
Wu Jian
Xom
Yredelemnul

Shops:
D:1 (   D:7 *[

Annotations:
D:4 1 exclusion, Grinder
D:6 exclusion: downstairs


Innate Abilities, Weirdness & Mutations

You are immune to poison.
Your flesh is cold resistant. (rC+)
You are immune to negative energy. (rN+++)
You are immune to unholy pain and torment.
You are vulnerable to heat. (rF-)
You are in touch with the powers of death.
You do not drink.
You have a special connection with the divine. (Faith)


Message History

The bullfrog is lightly wounded.
The bullfrog hits you.
A wight comes into view. It is wielding a +1 short sword.
You slice the bullfrog!!
You kill the bullfrog!
Kikubaaqudgha accepts your kill.
The dead are hopping!
A wight comes into view.
It is wielding a +0 dire flail and wearing a +1 robe of cold resistance.
The wight moves out of view.
There is an open door, spattered with blood here.
A wight comes into view. It is wielding a +0 long sword.
Your bullfrog zombie hits the wight.
Your bullfrog zombie closely misses the wight.
There is an open door, spattered with blood here.
Your bullfrog zombie hits the wight but does no damage.
Your bullfrog zombie hits the wight.
You hit the wight but do no damage.
Your bullfrog zombie hits the wight.
The wight closely misses you.
You slash the wight!
The wight is heavily damaged.
Your bullfrog zombie completely misses the wight.
The wight hits you with a +0 dire flail!
Your bullfrog zombie hits the wight but does no damage.
You hit the wight.
The wight is heavily damaged.
The wight barely misses you.
Your bullfrog zombie hits the wight but does no damage.
You hit the wight but do no damage.
The wight is heavily damaged.
Your bullfrog zombie closely misses the wight.
The wight barely misses you.
You closely miss the wight.
The wight is heavily damaged.
Your bullfrog zombie hits the wight but does no damage.
The wight barely misses you.
You barely miss the wight.
The wight is heavily damaged.
Your bullfrog zombie hits the wight.
The wight hits you with a +0 dire flail.
Your bullfrog zombie closely misses the wight.
You barely miss the wight.
The wight is heavily damaged.
The wight hits you with a +0 dire flail!
Your bullfrog zombie hits the wight but does no damage.
You hit the wight.
The wight is severely damaged.
Your bullfrog zombie hits the wight but does no damage.
The wight hits you with a +0 dire flail.
* * * LOW HITPOINT WARNING * * *
You closely miss the wight.
The wight is severely damaged.
Your bullfrog zombie completely misses the wight.
The wight hits you with a +0 dire flail!
* * * LOW HITPOINT WARNING * * *
Aiming: Bolt of Light
Press: ? - help, Shift-Dir - straight line, f - wight
Aim: a wight, wielding a +0 long sword and wearing a +0 robe (lightly damaged, 71% to hit)
The bolt of light hits the wight!
You destroy the wight!
Kikubaaqudgha accepts your kill.
The bolt of light hits the wight!
The wight is almost destroyed.
Your bullfrog zombie barely misses the wight.
Your bullfrog zombie hits the wight but does no damage.
Aiming: Bolt of Light
Press: ? - help, Shift-Dir - straight line, f - wight, p - wight
Aim: a wight, wielding a +1 short sword and wearing a +0 robe (lightly damaged, ally target, 71% to hit)
The bolt of light hits the wight!
You destroy the wight!
Kikubaaqudgha accepts your kill.
The bolt of light misses the wight.
Your bullfrog zombie barely misses the wight.
You barely miss the wight.
The wight is lightly damaged.
You hit the wight.
The wight is lightly damaged.
Your bullfrog zombie closely misses the wight.
The wight hits you with a +1 short sword!
* * * LOW HITPOINT WARNING * * *
Your bullfrog zombie barely misses the wight.
You slash the wight!
The wight is almost destroyed.
The wight hits you with a +1 short sword.
* * * LOW HITPOINT WARNING * * *
Your bullfrog zombie barely misses the wight.
You barely miss the wight.
The wight is almost destroyed.
The wight barely misses you.
Your bullfrog zombie hits the wight.
Unknown command.
You hit the wight but do no damage.
The wight is almost destroyed.
Your bullfrog zombie hits the wight but does no damage.
The wight hits you with a +1 short sword.
* * * LOW HITPOINT WARNING * * *
You barely miss the wight.
The wight is almost destroyed.
Your bullfrog zombie barely misses the wight.
The wight hits you with a +1 short sword.
You die...
Kikubaaqudgha rasps: "You have failed me!
Welcome... oblivion!"

#.# #.# ###.#.# #.# #.#
###.....# #.# #.#
##........ #.# #.#
........z #.# #.# ..#
#....... #.# #.# ..#.#
#......# #.# #.# ..#.#
#......####.#####.######
....
+......Zz@.....##......#
..#
#......####.#.#######.##
..# #......#
#.#..........# ..#
#......# #.############
..# #......# #.....# ..#
######## #####.# ..# #.#
### #.# .# #.#


You could see a wight (ally target) and a friendly bullfrog zombie.

Vanquished Creatures
  A vampire (D:7)
  A vampire mosquito (D:5)
  2 water moccasins
  2 black bears
  An orc warrior (D:6)
  2 ice beasts
  3 ogres
  A centaur (D:7)
  4 bullfrogs
  A kobold brigand (D:7)
  2 scorpions
  2 wights (D:8)
  A jelly (D:5)
  4 orc priests
  A gnoll bouda (D:6)
  3 hounds
  2 sleepcaps
  3 iguanas
  3 orc wizards
  13 gnolls
  9 adders
  2 white imps
  3 worms
  5 dart slugs
  18 orcs
  5 bats
  9 endoplasms
  6 giant cockroaches
  6 hobgoblins
  3 jackals (D:4)
  8 ball pythons
  A frilled lizard (D:2)
  8 goblins
  10 kobolds
  6 rats
151 creatures vanquished.

Vanquished Creatures (collateral kills)
  A scorpion (D:6)
  A sleepcap (D:5)
  A gnoll (D:4)
  A worm (D:3)
  An orc (D:4)
  A goblin (D:4)
  A hobgoblin (D:1)
  A jackal (D:4)
  4 kobolds
  2 rats
14 creatures vanquished.

Vanquished Creatures (others)
  A scorpion zombie (D:6)
  A bat zombie (D:7)
  2 gnoll zombies (D:6)
  A ball python (D:7)
  A bat (D:7)
  5 orc zombies (D:7)
11 creatures vanquished.

Grand Total: 176 creatures vanquished

Notes
Turn   | Place    | Note
-------+----------+-------------------------------------------
     0 | D:1      | GloriousHammer the Mummy Necromancer began the quest for
                  | the Orb.
     0 | D:1      | Reached XP level 1. HP: 13/13 MP: 4/4
   151 | D:1      | Reached XP level 2. HP: 16/19 MP: 0/6
   283 | D:1      | Found Uhuffox's Weapon Shoppe.
   878 | D:1      | Reached XP level 3. HP: 24/24 MP: 2/8
  1150 | D:2      | Found a faded altar of an unknown god.
  1932 | D:3      | Reached skill level 1 in Long Blades
  1945 | D:3      | Reached XP level 4. HP: 30/30 MP: 1/10
  2034 | D:3      | Learned a level 3 spell: Vampiric Draining
  2702 | D:4      | Reached skill level 2 in Long Blades
  2742 | D:4      | Reached skill level 5 in Necromancy
  2830 | D:4      | Reached XP level 5. HP: 35/35 MP: 7/11
  2958 | D:4      | Noticed a black bear
  3012 | D:4      | Killed a black bear
  3013 | D:4      | Reached skill level 3 in Long Blades
  3013 | D:4      | Reached skill level 5 in Spellcasting
  3013 | D:4      | Reached XP level 6. HP: 20/41 MP: 1/13
  3489 | D:4      | Found a snail-covered altar of Cheibriados.
  3492 | D:4      | Noticed Grinder
  3524 | D:3      | Upgraded the game from 0.31-a0-983-g7b6862f502 to
                  | 0.31-a0-986-g5e6e4ef867
  3633 | D:4      | Found a shimmering altar of Xom.
  3633 | D:4      | Found a shadowy altar of Dithmenos.
  3638 | D:4      | Found a hide-covered altar of Uskayaw.
  3640 | D:4      | Found a burning altar of Makhleb.
  3641 | D:4      | Found a faded altar of an unknown god.
  3800 | D:5      | Entered Level 5 of the Dungeon
  3871 | D:5      | Reached skill level 4 in Long Blades
  4055 | D:5      | Reached skill level 5 in Long Blades
  4055 | D:5      | Reached XP level 7. HP: 46/46 MP: 3/14
  4270 | D:5      | Identified the +0 leather armour "Vush" {Int+3 Dex+2}
  4548 | D:5      | Noticed a vampire mosquito
  4556 | D:5      | Killed a vampire mosquito
  4557 | D:5      | Reached skill level 6 in Long Blades
  4792 | D:5      | Reached XP level 8. HP: 52/52 MP: 7/15
  4855 | D:5      | Learned a level 4 spell: Animate Dead
  5044 | D:6      | Reached skill level 7 in Long Blades
  5479 | D:6      | Reached skill level 8 in Long Blades
  5525 | D:6      | Found a staircase to the Ecumenical Temple.
  5534 | Temple   | Entered the Ecumenical Temple
  5554 | Temple   | Became a worshipper of Kikubaaqudgha
  5830 | D:6      | You fall into a shaft and drop 2 floors!
  5848 | D:8      | Identified the +0 robe "Imuitana" {rC++ Int-5 Stlth+
                  | Archmagi}
  5967 | D:7      | Found an ornate altar of the Wu Jian Council.
  6024 | D:7      | Reached skill level 9 in Long Blades
  6218 | D:7      | Reached * piety under Kikubaaqudgha
  6218 | D:7      | Received a gift from Kikubaaqudgha
  6371 | D:7      | Found Mulorup's Serpentskin Sales.
  6678 | D:6      | Reached skill level 10 in Long Blades
  6982 | D:6      | Reached XP level 9. HP: 57/57 MP: 8/16
  7474 | D:1      | Bought a +0 double sword of venom for 260 gold pieces
  7474 | D:1      | Bought 2 curare-tipped darts for 31 gold pieces
  7478 | D:1      | Learned a level 2 spell: Cigotuvi's Dreadful Rot
  7778 | D:7      | Reached skill level 1 in Throwing
  7919 | D:7      | Reached skill level 11 in Long Blades
  7919 | D:7      | Reached skill level 1 in Air Magic
  7919 | D:7      | Reached skill level 1 in Poison Magic
  7968 | D:7      | Found Hadad-Baal's Dragon-Slaying Spoils.
  8343 | D:8      | HP: 1/57 [wight/+1 short sword (4)]
  8344 | D:8      | Slain by a wight

Illustrated notes

Levels and vault maps discovered:
D:1:      mainiacjoe_arrival_oval_in_oval, layout_basic, serial_shops,
          shop_statue, minmay_heptomino_o4
D:2:      layout_loops_corners, dreamdust_ecumenical_altar_statues
D:3:      layout_rooms, grunt_decor_clamped
D:4:      layout_basic, chequers_temple_overflow_minitemple, old_standard_altar,
          uniq_grinder
D:5:      layout_rooms, minmay_manual_mullet
D:6:      layout_layer_cave, minmay_temple_entry_nine_rooms
D:7:      layout_rooms, mainiacjoe_overflow_surrounded_room,
          nicolae_shop_dragon_depot, guppyfry_shop_venom
D:8:      layout_basic, uniq_maurice, uniq_maggie
Temple:   lightli_temple_of_artemis

Skill      XL: |  1  2  3  4  5  6  7  8  9 |
---------------+----------------------------+-----
Spellcasting   | 3 4 5 |  5.0
Long Blades    | 1 2 3 5 6 10 11 | 11.1
Necromancy     | 5 6 7 8 |  8.0
Throwing       | 2 |  2.3
Air Magic      | 1 |  1.6
Poison Magic   | 1 |  1.5
Dodging        | |  1.5
Stealth        | |  1.5

Action                     |  1- 3 |  4- 6 |  7- 9 || total
---------------------------+-------+-------+-------++-------
  Melee: Unarmed           |    12 |       |       ||    12
         Whip              |     7 |       |    22 ||    29
         Dagger            |     5 |       |       ||     5
         Staff             |     2 |    12 |    49 ||    63
         Punch             |       |     1 |     1 ||     2
         Double sword      |       |       |    49 ||    49
   Cast: Necrotise         |    65 |   103 |   128 ||   296
         Vampiric Draining |       |     5 |    25 ||    30
         Animate Dead      |       |       |     4 ||     4
 Invoke: Unearth Wretches  |       |       |     2 ||     2
  Evoke: Wand              |       |     1 |    10 ||    11
    Use: Scroll            |       |     6 |     5 ||    11
 Armour: Robe              |    17 |    27 |   139 ||   183
  Dodge: Dodged            |    28 |    31 |   133 ||   192

Table legend: (Time is in decaauts)
 A = Elapsed time spent in this place.
 B = Non-inter-level travel time spent in this place.
 C = Inter-level travel time spent in this place.
 D = Time resting spent in this place.
 E = Time spent auto-exploring this place.
 F = Levels seen in this place.
 G = Mean time per level.
                   A        B        C        D        E       F      G
               +--------+--------+--------+--------+--------+-----+--------+
         Total |   8386 |   7884 |    502 |   1113 |   4641 |   9 |  931.8 |
       Dungeon |   8357 |   7861 |    496 |   1113 |   4641 |   8 | 1044.6 |
        Temple |     28 |     22 |      6 |      0 |      0 |   1 |   28.0 |
               +--------+--------+--------+--------+--------+-----+--------+

Top non-repeatable levels by time:
     D:6: 1674 daAuts
     D:5: 1312 daAuts
     D:4: 1285 daAuts
     D:7: 1253 daAuts
     D:1: 1086 daAuts
     D:2: 884 daAuts
     D:3: 718 daAuts
     D:8: 142 daAuts
  Temple: 28 daAuts
